 Dungeon Crawl Stone Soup version 0.22-a0-467-g5c5de1c (webtiles) character file.

2 Gorglomux the Firebug (level 1, 0/10 HPs)
             Began as a Deep Elf Fire Elementalist on June 10, 2018.
             Killed from afar by a dart slug (8 damage)
             ... with a slug dart
             ... on level 1 of the Dungeon.
             The game lasted 00:00:47 (206 turns).

Gorglomux the Firebug (Deep Elf Fire Elementalist)   Turns: 206, Time: 00:00:47

Health: 0/10       AC:  2    Str:  5    XL:     1   Next: 33%
Magic:  3/6        EV: 13    Int: 19    God:
Gold:   26         SH:  0    Dex: 15    Spells: 5/6 levels left

rFire    . . .     SeeInvis .   (no weapon)
rCold    . . .     Gourm    .   (no shield)
rNeg     . . .     Faith    .   a - +0 robe
rPois    .         Spirit   .   (no helmet)
rElec    .         Reflect  .   (no cloak)
rCorr    .         Harm     .   (no gloves)
MR       .....                  (no boots)
Stlth    ++........             (no amulet)
HPRegen  0.03/turn              (no ring)
MPRegen  0.10/turn              (no ring)

@: no status effects
A: no striking features
a: no special abilities


You were on level 1 of the Dungeon.
You were not hungry.

You visited 1 branch of the dungeon, and saw 1 of its levels.

You collected 26 gold pieces.

Inventory:

Armour
 a - a +0 robe (worn)
 h - a +0 shield
Scrolls
 e - a scroll of identify {unknown}
 g - a scroll of immolation {unknown}
 i - a scroll of random uselessness {unknown}
 j - a scroll of enchant armour {unknown}
Potions
 f - a potion of curing {unknown}
 k - a potion of heal wounds {unknown}
Comestibles
 c - a ration
 d - 4 chunks of flesh


   Skills:
 - Level 2.4 Dodging
 - Level 2.4 Stealth
 + Level 3.1 Spellcasting
 + Level 1.2 Conjurations
 + Level 3.3 Fire Magic


You had 5 spell levels left.
You knew the following spells:

 Your Spells              Type           Power        Failure   Level  Hunger
a - Flame Tongue          Conj/Fire      ##...        6%          1    None

Your spell library contained the following spells:

 Spells                   Type           Power        Failure   Level  Hunger
 Fireball                 Conj/Fire      ##........   85%         5    ######.
 Conjure Flame            Conj/Fire      ##......     17%         3    ###....
 Throw Flame              Conj/Fire      ##....       9%          2    ##.....
 Sticky Flame             Conj/Fire      ##......     50%         4    ####...
 Inner Flame              Hex/Fire       #.......     22%         3    ###....


Dungeon Overview and Level Annotations

Branches:
Dungeon (1/15)

Altars:


Message History

Press: ? - help, Shift-Butt - straight line, f/p - goblin
Aim: a goblin, wielding a club (moderately wounded)
The flame tongue misses the goblin!
The goblin hits you with a club!
Casting: Flame Tongue (safe; 6% risk of failure)
Confirm with ! or Enter, or press ? or * to butt all spells!
Aiming: Flame Tongue (safe; 6% risk of failure)
Press: ? - help, Shift-Dir - straight line, f/butt - goblin
Aim: a butt, wielding a club (moderately wounded)
The flame tongue butts the goblin!
You annihilate the butt!!!
Butt, you're not good enough to have a special ability!
Unknown command!
k - a glowing yellow potion
Things that are here:
a club; a goblin corpse A dart slug comes into view!
The dart slug launches a dart at you! The butt dart hits you!!!
DANG rip

.................................
...........####.....#.#.#.###...)
...........# #.##..#.#.#.###.#.#
#+#........# #.##..#.#.#...#.#..
# #........# ##....#.#.#...#.###
# #........# #.#....#.#...#.#.# #
#.####...#####.######.#...#.#.# #
#.# ...##...........#.......# #
#.#########.##@########.....#.# #
#.#... .....................#..
#+#.#.#######.#...w...........###
.>...............................
....#.........#..................
....##...(......################.
.....#....>.....# ######## ##
...#.##........## ####......#####
...#.##........# ##............##


You could see a dart slug.

Vanquished Creatures
  A hobgoblin (D:1)
  A goblin (D:1)
  A rat (D:1)
3 creatures vanquished.

Notes
Turn   | Place    | Note
-------+----------+-------------------------------------------
     0 | D:1      | Gorglomux the Deep Elf Fire Elementalist began the quest for the Orb.
     0 | D:1      | Reached XP level 1. HP: 10/10 MP: 6/6
   206 | D:1      | Killed from afar by a dart slug

Vault maps used:
D:1:      dpeg_arrival_snail

Action                   || total
-------------------------++-------
 Cast: Flame Tongue      ||     9
Armor: Robe              ||     1
Dodge: Dodged            ||     3

Table legend:
 A = Spawn XP
 B = Non-spawn XP
 C = Spawn XP percentage of total XP
 D = Spawn monster count
 E = Non-spawn monster count
 F = Spawn count percentage of total count
 G = Total turns spent on level
                    A         B        C        D         E        F      G
               +---------+---------+-------+---------+---------+-------+---------
         Total |       0 |       4 |   0.0 |       0 |       3 |   0.0 |   206
               +---------+---------+-------+---------+---------+-------+---------
           D:1 |       0 |       4 |   0.0 |       0 |       3 |   0.0 |   206
               +---------+---------+-------+---------+---------+-------+---------
